 Dungeon Crawl Stone Soup version 0.16-a0-1816-g2c93a98 (webtiles) character file.

18100 RobertPalmer the Nimble (level 12, -3/72 (76) HPs)
             Began as a Demonspawn Transmuter on Nov 4, 2014.
             Was a Follower of Ru.
             Slain by a yak (17 damage)
             ... on level 4 of the Lair of Beasts.
             The game lasted 00:47:04 (20275 turns).

RobertPalmer the Nimble (Demonspawn Transmuter)    Turns: 20275, Time: 00:47:04

HP:   -3/72 (76)    AC:  5    Str: 11    XL:     12   Next: 24%
MP:   11/18         EV: 22    Int: 18    God:    Ru [*.....]
Gold: 1039          SH:  0    Dex: 19    Spells: 5 memorised, 1 level left

rFire  . . .     SeeInvis .       - Unarmed
rCold  . . .     Clarity  .     c - +1 robe
rNeg   . . .     SustAb   .     (shield currently unavailable)
rPois  .         Gourm    .     (no helmet)
rElec  .         Spirit   .     e - +0 cloak
rCorr  .         Warding  .     N - melded +1 pair of gloves
rMut   .         Stasis   .     (no boots)
MR     .....                    (no amulet)
Stlth  ++++++....               Q - +1 ring of protection
                                m - +3 ring of slaying

@: blade hands, repel missiles, not resistant to hostile enchantments, very
stealthy
A: talons 2, thin skeletal structure 2, nightstalker 3, spiny 2, hated by all
a: End Transformation, Sacrifice Essence, Sacrifice Nimbleness, Sacrifice
Artifice, Reject Sacrifices, Renounce Religion


You were on level 4 of the Lair of Beasts.
You worshipped Ru.
Ru was aware of your devotion.
You were hungry.
You had blades for hands.
You visited 3 branches of the dungeon, and saw 16 of its levels.
You also visited: Sewer and Ossuary.

You collected 1039 gold pieces.


Innate Abilities, Weirdness & Mutations

You have razor-sharp toenails.
You have a moderately thin skeletal structure (Dex +4, Stealth+).
You are completely attuned to the shadows.
You are mostly covered in sharp spines.
You are hated by all.


   Skills:
 - Level 1.0 Fighting
 + Level 11.7 Dodging
 - Level 10.4 Unarmed Combat
 - Level 2.0 Spellcasting
 - Level 10.3 Transmutations
 - Level 3.0 Ice Magic


You had one spell level left.
You knew the following spells:

 Your Spells              Type           Power        Failure   Level  Hunger
c - Blade Hands           Trmt           #####.....   45%         5    ######.
d - Repel Missiles        Chrm/Air       #.....       71%         2    ###....
x - Ice Form              Ice/Trmt       ####....     54%         4    #####..
z - Beastly Appendage     Trmt           #####.       12%         1    #......
Z - Sticks to Snakes      Trmt           #####.....   12%         2    ###....

Inventory:

Missiles
 b - 147 arrows
 u - 10 arrows of frost
 K - 42 arrows of flame
 L - 23 poisoned arrows
Armour
 c - a +1 robe (worn)
 e - a +0 cloak (worn)
 N - a +1 pair of gloves (melded)
Jewellery
 h - an uncursed ring of teleportation
 m - a +3 ring of slaying (left scythe-like blade)
 t - an uncursed ring of poison resistance
 A - an uncursed ring of see invisible
 P - an uncursed ring of positive energy
 Q - a +1 ring of protection (right scythe-like blade)
Scrolls
 n - 10 scrolls of teleportation
 r - a scroll of blinking
 y - 4 scrolls of enchant weapon
 B - 2 scrolls of recharging
 C - 3 scrolls of magic mapping
 F - 9 scrolls of remove curse
 G - a scroll of amnesia
 J - a scroll of fog
 T - a scroll of enchant armour
Potions
 f - 2 potions of brilliance
 g - 2 potions of resistance {unknown}
 i - 5 potions of restore abilities
 j - 2 potions of berserk rage
 k - 9 potions of curing
 p - 4 potions of cancellation
 q - 2 potions of flight
 s - 2 potions of mutation {!q}
 v - a potion of haste {unknown}
 w - 4 potions of heal wounds
 x - a potion of beneficial mutation {unknown}
 z - a potion of porridge
 D - a potion of cure mutation {unknown}
 H - a potion of might {unknown}
 O - a potion of poison {unknown}
 R - a potion of agility
Books
 d - a book of Changes
 I - a book of Minor Magic
 M - a book of Power
 U - a book of Spatial Translocations
Comestibles
 a - 9 bread rations
 l - 6 beef jerkies
 o - 9 meat rations
 E - 42 fruits

Dungeon Overview and Level Annotations

Branches:
Dungeon (11/15)            Temple (1/1) D:6            Lair (4/8) D:11
    Orc (0/4) D:11
  Swamp: Lair:3-6    Shoals: Lair:3-6     Snake: Lair:3-6    Spider: Lair:3-6

Altars:
Ashenzari
Cheibriados
Dithmenos
Elyvilon
Fedhas
Gozag
Kikubaaqudgha
Makhleb
Nemelex Xobeh
Okawaru
Qazlal
Ru
Sif Muna
Trog
Vehumet
Xom
Yredelemnul
Zin
The Shining One

Shops:
D:10 [

Annotations:
Lair:4 Harold

.##..........## #.............#
.........÷...## ..............#
......÷......## .............##
..............# ###
..............######..#. ###
...............Y@....... .......
....(..........##...............P
.............#####..............#
............## #..............#
............# #...........#.##
............# ##.........#....
#...Y..Y...## #.#.....<.###...
##..... . ###......## #..# ......
##...P.# ##.#


You could see a yak.


Message History

* * * LOW HITPOINT WARNING * * *
Your hands turn into razor-sharp scythe blades.
You are feeling hungry.
The yak is struck by your spines. The yak misses you.
You slash the yak!
You kill the yak!
You slash the yak! You claw the yak.
The yak is moderately wounded.
The yak is struck by your spines. The yak gores you.
* * * LOW HITPOINT WARNING * * *
You slash the yak!
The yak is severely wounded.
You hit the yak. You claw the yak.
The yak is almost dead.
The yak gores you.
* * * LOW HITPOINT WARNING * * *
You slash the yak!
You kill the yak!
You slash the yak!
The yak is moderately wounded.
You slice the yak!!
The yak is almost dead.
The yak gores you!
* * * LOW HITPOINT WARNING * * *
You slice the yak!!
You kill the yak!
You slash the yak! You claw the yak, but do no damage.
The yak is moderately wounded.
The yak gores you!
You die...

Action                   |  1- 3 |  4- 6 |  7- 9 | 10-12 || total
-------------------------+-------+-------+-------+-------++-------
Melee: Unarmed           |   171 |   296 |   436 |   527 ||  1430
Throw: Throwing net      |       |       |       |     1 ||     1
 Cast: Beastly Appendage |    14 |    42 |    45 |       ||   101
       Sticks to Snakes  |       |     2 |    10 |       ||    12
       Ice Form          |       |       |     9 |    65 ||    74
       Blade Hands       |       |       |       |     5 ||     5
       Repel Missiles    |       |       |       |     1 ||     1
Invok: Sacrifice Love    |       |       |       |     1 ||     1
 Abil: End Transformatio |       |       |       |     5 ||     5
Evoke: Wand              |       |       |     1 |       ||     1
  Use: Potion            |       |     4 |     4 |       ||     8
       Scroll            |       |    16 |     9 |    14 ||    39
 Stab: Sleeping          |     7 |    28 |    23 |    29 ||    87
       Distracted        |     1 |       |     1 |     2 ||     4
       Invisible         |       |       |     6 |       ||     6
       Held in net/web   |       |       |       |     2 ||     2
  Eat: Chunk             |     3 |    13 |    12 |    44 ||    72
       Royal jelly       |       |     1 |       |       ||     1
       Meat ration       |       |       |     1 |       ||     1
       Pizza             |       |       |     1 |     2 ||     3
       Beef jerky        |       |       |     1 |       ||     1
       Fruit             |       |       |       |     1 ||     1

Vault maps used:
D:1:      saegor_arrival_simple_b, minivault_24
D:2:      nicolae_overflow_hidden_temple
D:4:      enter_ossuary_4, first_bread
D:5:      corexii_shantytown, lightli_sewer_entry_pipes, uniq_edmund, uniq_iyjb
D:6:      minmay_temple_entry_fiery, grunt_ministairs_14, uniq_menkaure
D:7:      xom_butterflies, minivault_5, uniq_sigmund
D:8:      cheibrodos_ashenzari_chains, yredelemnul_altar_generic, uniq_grum
D:9:      overflow_temple_1_default, minitemple, serial_corexii_hall,
          corexii_hall_statues_deadend, corexii_hall_statues_x
D:10:     serial_shops, shop, corexii_hall_statues_s
D:11:     lair_0_dummy, david_orc_1_choice, blue_anna_alchemist
Temple:   chambers_temple_12
Lair:1:   serial_bayou_shore_a, serial_bayou_shore_b
Lair:2:   grunt_megastairs_3, lemuel_fruit_tree, uniq_nergalle, uniq_erica
Lair:3:   worms_lemuel, infiniplex_staircase_pool
Lair:4:   infiniplex_staircase_pool_2, lemuel_fruit_fields, uniq_harold
Sewer:    sewer_big_baddie
Ossuary:  ossuary_tomb_3

Notes
Turn   | Place    | Note
--------------------------------------------------------------
     0 | D:1      | RobertPalmer, the Demonspawn Transmuter, began the quest for the Orb.
     0 | D:1      | Reached XP level 1. HP: 15/15 MP: 3/3
    79 | D:1      | Reached skill level 3 in Unarmed Combat
   257 | D:1      | Gained mutation: You are slightly more attuned to the shadows. [demonic ancestry]
   257 | D:1      | Reached XP level 2. HP: 15/21 MP: 4/4
   413 | D:1      | Reached skill level 2 in Transmutations
   638 | D:1      | Gained mutation: You are significantly more attuned to the shadows. [demonic ancestry]
   638 | D:1      | Reached XP level 3. HP: 23/26 MP: 4/6
  1662 | D:2      | Reached XP level 4. HP: 25/32 MP: 7/7
  1684 | D:2      | Reached skill level 4 in Unarmed Combat
  2111 | D:2      | Found an ancient bone altar of Kikubaaqudgha.
  2386 | D:3      | Noticed timbw's ghost (weakling DgSu)
  2398 | D:2      | Learned a level 2 spell: Sticks to Snakes
  2403 | D:2      | Learned a level 4 spell: Ice Form
  3159 | D:3      | Gained mutation: You have a somewhat thin skeletal structure (Dex +2, Stealth). [demonic ancestry]
  3159 | D:3      | Reached XP level 5. HP: 34/37 MP: 7/9
  3490 | D:3      | Reached skill level 5 in Unarmed Combat
  3822 | D:3      | Killed timbw's ghost
  4145 | D:4      | Found a sand-covered staircase.
  4164 | Ossuary  | Entered an ossuary
  4281 | Ossuary  | Gained mutation: You have sharp toenails. [demonic ancestry]
  4281 | Ossuary  | Reached XP level 6. HP: 10/43 MP: 8/10
  4495 | Ossuary  | Reached skill level 6 in Unarmed Combat
  5486 | D:4      | Reached skill level 2 in Dodging
  5828 | D:4      | Reached skill level 3 in Dodging
  6013 | D:5      | Entered Level 5 of the Dungeon
  6032 | D:5      | Gained mutation: You have razor-sharp toenails. [demonic ancestry]
  6032 | D:5      | Reached XP level 7. HP: 48/48 MP: 12/12
  6062 | D:5      | Found a glowing drain.
  6069 | Sewer    | Entered a sewer
  6084 | Sewer    | Noticed Purgy
  6175 | Sewer    | Killed Purgy
  6175 | Sewer    | Reached skill level 4 in Dodging
  6417 | D:5      | Noticed Ijyb
  6429 | D:5      | Killed Ijyb
  6673 | D:5      | Reached skill level 5 in Dodging
  6922 | D:5      | Noticed Edmund
  6926 | D:5      | Reached skill level 6 in Dodging
  6926 | D:5      | Gained mutation: You are partially covered in sharp spines. [demonic ancestry]
  6926 | D:5      | Reached XP level 8. HP: 29/54 MP: 13/13
  6973 | D:5      | Killed Edmund
  7414 | D:5      | Reached skill level 3 in Transmutations
  7534 | D:6      | Reached skill level 4 in Transmutations
  8014 | D:6      | Reached skill level 5 in Transmutations
  8030 | D:6      | Noticed Menkaure
  8254 | D:6      | Found a staircase to the Ecumenical Temple.
  8446 | D:6      | Killed Menkaure
  8446 | D:6      | Reached skill level 6 in Transmutations
  8712 | D:6      | Gained mutation: You are mostly covered in sharp spines. [demonic ancestry]
  8712 | D:6      | Reached XP level 9. HP: 53/59 MP: 14/14
  8822 | D:7      | Found a shimmering altar of Xom.
  9016 | Temple   | Entered the Ecumenical Temple
  9308 | D:7      | Reached skill level 7 in Transmutations
  9587 | D:7      | Reached skill level 8 in Transmutations
  9610 | D:7      | Noticed Sigmund
  9622 | D:7      | Killed Sigmund
  9622 | D:7      | Reached skill level 1 in Ice Magic
  9675 | D:7      | Reached skill level 2 in Ice Magic
  9710 | D:7      | Reached skill level 3 in Ice Magic
 10527 | D:8      | Found a shattered altar of Ashenzari.
 10593 | D:8      | Found a basalt altar of Yredelemnul.
 10621 | D:8      | Reached skill level 7 in Unarmed Combat
 10849 | D:8      | Reached skill level 8 in Unarmed Combat
 10924 | D:8      | Reached XP level 10. HP: 59/61 MP: 12/16
 10937 | D:8      | Noticed Grum
 10945 | D:8      | Killed Grum
 11363 | D:8      | Reached skill level 9 in Unarmed Combat
 11364 | D:8      | Got a fine ivory amulet
 11378 | D:8      | Identified the amulet "Inukuy" {Gourm Str-2 Int-4} (You found it on level 8 of the Dungeon)
 11930 | D:9      | Found a white marble altar of Elyvilon.
 11937 | D:9      | Found a sacrificial altar of Ru.
 11958 | D:9      | Became a worshipper of Ru the Awakened
 11967 | D:9      | Found a radiant altar of Vehumet.
 12381 | D:9      | Reached skill level 10 in Unarmed Combat
 12731 | D:10     | Entered Level 10 of the Dungeon
 12759 | D:10     | Found Pridecw's Armour Shoppe.
 12987 | D:10     | Gained mutation: You are hated by all. [Ru sacrifice]
 12987 | D:10     | Acquired Ru's first power
 13854 | D:11     | Reached skill level 9 in Transmutations
 14315 | D:11     | Found a staircase to the Lair.
 14569 | D:11     | Found a staircase to the Orcish Mines.
 14589 | D:11     | Gained mutation: You have a moderately thin skeletal structure (Dex +4, Stealth+). [demonic ancestry]
 14589 | D:11     | Reached XP level 11. HP: 66/66 MP: 17/17
 14745 | D:11     | Learned a level 5 spell: Blade Hands
 14748 | D:11     | Learned a level 2 spell: Repel Missiles
 14875 | D:11     | Reached skill level 10 in Transmutations
 15354 | D:11     | Noticed a six-headed hydra
 15690 | Lair:1   | Entered Level 1 of the Lair of Beasts
 16003 | Lair:1   | Noticed an eight-headed hydra
 16017 | Lair:1   | Killed an eight-headed hydra
 16017 | Lair:1   | Reached skill level 7 in Dodging
 16625 | Lair:1   | Reached skill level 8 in Dodging
 16872 | Lair:2   | Noticed Nergalle
 16879 | Lair:2   | Killed Nergalle
 16925 | Lair:2   | Reached skill level 9 in Dodging
 16958 | Lair:2   | Noticed Erica
 17445 | Lair:2   | Killed Erica
 17445 | Lair:2   | Reached skill level 10 in Dodging
 17892 | Lair:3   | Noticed an eight-headed hydra
 19472 | Lair:4   | Gained mutation: You are completely attuned to the shadows. [demonic ancestry]
 19472 | Lair:4   | Reached XP level 12. HP: 72/72 MP: 13/18
 19490 | Lair:4   | Noticed Harold
 19656 | Lair:4   | Reached skill level 11 in Dodging
 20275 | Lair:4   | Slain by a yak

Vanquished Creatures
  A hydra (Lair:1)
  Erica (Lair:2)
  Nergalle (Lair:2)
  A komodo dragon (D:11)
  A black mamba (Lair:3)
  4 spiny frogs
  A troll (D:11)
  A polar bear (Lair:2)
  A two-headed ogre (D:8)
  2 basilisks (Lair:4)
  A deep elf mage (D:9)
  A shadow (D:11)
  22 yaks
  A hippogriff (Lair:2)
  Grum (D:8)
  A hill giant skeleton (D:11)
  6 swamp worms (Lair:3)
  Menkaure (D:6)
  3 wolves (D:8)
  A warg (D:11)
  4 porcupines (Lair:2)
  2 sky beasts
  A black bear (D:11)
  6 water moccasins
  Purgy (Sewer)
  3 ogres
  4 centaurs
  4 necrophages
  7 orc warriors
  A phantom (D:9)
  2 ice beasts
  4 crocodiles
  Sigmund (D:7)
  2 big kobolds
  14 giant frogs
  A scorpion (D:5)
  A wyvern skeleton (D:11)
  A hippogriff skeleton (D:5)
  16 killer bees
  4 wights (D:9)
  An electric eel (Lair:1)
  9 crimson imps
  A quasit (D:6)
  8 jellies
  7 hounds
  12 iguanas
  11 orc priests
  11 orc wizards
  6 worker ants
  Ijyb (D:5)
  The ghost of timbw the Caller, a weakling DgSu (D:3)
  8 mummies (Ossuary)
  15 green rats
  5 gnolls
  A shadow imp (D:6)
  23 adders
  A goliath beetle zombie (D:5)
  13 worms
  3 giant geckos
  52 orcs
  5 ball pythons
  21 bats
  4 giant cockroaches
  2 gnoll zombies (Ossuary)
  24 hobgoblins
  8 jackals
  5 giant newts
  A giant newt skeleton (D:4)
  25 goblins
  A hobgoblin zombie (Ossuary)
  36 kobolds
  2 kobold skeletons (D:4)
  2 kobold zombies (Ossuary)
  An orc skeleton (D:3)
  3 orc zombies (Ossuary)
  4 quokkas
  2 quokka zombies (D:4)
  16 rats
  4 butterflies (D:7)
  2 plants (Lair:3)
488 creatures vanquished.

Vanquished Creatures (collateral kills)
  Edmund (D:5)
1 creature vanquished.

Grand Total: 489 creatures vanquished
